 Dungeon Crawl Stone Soup version 0.26-a0-1213-gd52f5182fe (webtiles) character file.

Game seed: 9621665056733325449

12728 SkeletonJelly the Fighter (level 11, -13/72 HPs)
             Began as a Gargoyle Monk on Dec 31, 2020.
             Was a High Priest of Okawaru.
             Mangled by a cane toad (18 damage)
             ... on level 1 of the Lair of Beasts.
             The game lasted 00:30:47 (12740 turns).

SkeletonJelly the Fighter (Gargoyle Monk)          Turns: 12740, Time: 00:30:48

Health: -13/72     AC: 17    Str: 18    XL:     11   Next: 97%
Magic:  0/16       EV: 11    Int: 11    God:    Okawaru [*****.]
Gold:   929        SH:  5    Dex: 12    Spells: 10/10 levels left

rFire    + . .     SeeInvis .   M - +0 war axe (vamp)
rCold    . . .     Faith    .   t - +0 buckler
rNeg     + + .     Spirit   +   p - +0 scale mail
rPois    ∞         Reflect  .   (no helmet)
rElec    +         Harm     +   i - scarf {harm}
rCorr    .         Rampage  .   (no gloves)
Will     .....                  C - +0 pair of boots
Stlth    +.........             y - amulet of guardian spirit
HPRegen  0.22/turn              N - ring of protection from fire
MPRegen  0.15/turn              F - ring of positive energy

@: no status effects
A: negative energy resistance 1, electricity resistance, unbreathing,
petrification resistance, miasma immunity, AC +8
a: Renounce Religion, Heroism, Finesse


You were on level 1 of the Lair of Beasts.
You worshipped Okawaru.
Okawaru was extremely pleased with you.
You visited 2 branches of the dungeon, and saw 11 of its levels.
You also visited: Sewer.

You collected 974 gold pieces.
You spent 45 gold pieces at shops.

Inventory:

Hand Weapons
 a - a +0 mace
 B - a +2 flail of protection
 K - a +2 hand crossbow of freezing
 M - a +0 vampiric war axe (weapon)
Missiles
 e - 62 poisoned darts (quivered)
 k - a throwing net
 G - 8 silver boomerangs
Armour
 b - a +0 robe
 g - a +0 chain mail
 i - a scarf of harm (worn)
 p - a +0 scale mail (worn)
 t - a +0 buckler (worn)
 u - the +3 leather armour of the Sacrificial Victim {+Fly rCorr Str+3 Dex-5}
   (You found it on level 4 of the Dungeon)

   It affects your strength (+3).
   It affects your dexterity (-5).
   It lets you fly.
   It provides partial protection from all sources of acid and corrosion.
 C - a +0 pair of boots (worn)
Jewellery
 y - an amulet of guardian spirit (around neck)
 F - a ring of positive energy (right hand)
 I - the amulet of Yjuwn {Faith rElec Will+ Str-3 Int+4}
   (You found it on level 8 of the Dungeon)

   [amulet of faith]

   It allows you to gain divine favour quickly.
   It affects your strength (-3).
   It affects your intelligence (+4).
   It insulates you from electricity.
   It affects your willpower, your defense against some magical effects.
 N - a ring of protection from fire (left hand)
 O - an uncursed amulet of faith
Wands
 l - a wand of polymorph (3)
 n - a wand of flame (29)
 v - a wand of random effects (20)
Scrolls
 c - 8 scrolls of remove curse
 d - 5 scrolls of teleportation
 h - 4 scrolls of identify
 m - 2 scrolls of enchant weapon {unknown}
 o - 4 scrolls of fog
 q - 3 scrolls of enchant armour {unknown}
 r - 3 scrolls of amnesia {unknown}
 x - 2 scrolls of immolation {unknown}
 z - a scroll of noise {unknown}
 L - 2 scrolls of magic mapping
 P - a scroll of blinking {unknown}
 Q - a scroll of holy word {unknown}
Potions
 f - 5 potions of flight
 j - a potion of degeneration
 s - a potion of berserk rage {unknown}
 w - a potion of brilliance {unknown}
 A - 4 potions of curing
 D - 2 potions of cancellation {unknown}
 E - 2 potions of might {unknown}
 H - a potion of heal wounds {unknown}


   Skills:
 - Level 9.9 Fighting
 + Level 7.4(9.1) Axes
 - Level 9.1(10.4) Maces & Flails
 - Level 7.7 Armour
 - Level 3.0 Dodging
 - Level 2.1 Stealth
 - Level 4.0 Shields
 - Level 7.5 Invocations
 - Level 4.5 Evocations


You had 10 spell levels left.
You didn't know any spells.
Your spell library contained the following spells:

 Spells                   Type           Power        Failure   Level
 Animate Skeleton         Necr           0%           67%         1
 Freeze                   Ice            0%           67%         1
 Pain                     Necr           0%           67%         1
 Sting                    Tmut/Pois      0%           67%         1
 Poisonous Vapours        Pois/Air       0%           82%         2
 Frozen Ramparts          Ice            0%           96%         3
 Ignite Poison            Fire/Tmut/Pois 0%           96%         3
 Mephitic Cloud           Conj/Pois/Air  0%           96%         3
 Ozocubu's Armour         Ice            0%           96%         3
 Vampiric Draining        Necr           0%           96%         3
 Animate Dead             Necr           0%           100%        4
 Hailstorm                Conj/Ice       0%           100%        4
 Olgreb's Toxic Radiance  Pois           0%           100%        4
 Summon Ice Beast         Ice/Summ       0%           100%        4
 Agony                    Necr           0%           100%        5


Dungeon Overview and Level Annotations

Branches:
Dungeon (10/15)            Temple (0/1) D:4            Lair (1/6) D:9
    Orc (0/2) D:10          Sewer (visited)

Altars:
Cheibriados
Dithmenos
Fedhas
Gozag
Kikubaaqudgha
Nemelex Xobeh
Okawaru
Xom
Zin
The Shining One

Shops:
D:8 !


Innate Abilities, Weirdness & Mutations

You are resistant to torment.
Your stone body is resilient. (AC +8)
You are immune to poison.
You resist negative energy. (rN+)
You are resistant to electric shocks. (rElec)
You can survive without breathing.
You are immune to petrification.
You are immune to miasma.


Message History

You are too injured to fight recklessly!
You open the door. The polar bear barely misses you.
You block the polar bear's attack.
The polar bear claws you but does no damage.
The elephant tramples you but does no damage.
The elephant closely misses you.
The elephant tramples you but does no damage.
The elephant trunk-slaps you.
The elephant tramples you but does no damage.
The elephant trunk-slaps you. The elephant completely misses you.
The elephant trunk-slaps you but does no damage.
You take 4 damage, and have 25/72 hp.
The elephant barely misses you. You block the elephant's attack.
The elephant tramples you.
* * * LOW HITPOINT WARNING * * *
You stumble backwards!
You take 5 damage, and have 20/72 hp.
You now have 4/16 mp.
The elephant tramples you!
* * * LOW HITPOINT WARNING * * *
You hold your ground!
The elephant barely misses you.
You take 10 damage, and have 10/72 hp.
You now have 2/16 mp.
Okay, then.
Unknown command.
Evoke which item? (* to show all) (? for menu, Esc to quit)
Okay, then.
Unknown command.
You feel better.
You regained 5 hp, and now have 15/72 hp.
The elephant tramples you!
* * * LOW HITPOINT WARNING * * *
You hold your ground!
The elephant trunk-slaps you but does no damage.
You take 11 damage, and have 4/72 hp.
You now have 1/16 mp.
Evoke which item? (* to show all) (? for menu, Esc to quit)
Aiming: Random Effects
Press: ? - help, Shift-Dir - straight line, f - elephant
Aim: an elephant (severely wounded)
The elephant seems to speed up.
You block the elephant's attack.
The elephant trunk-slaps you but does no damage.
The elephant tramples the fungus!
The fungus begins to die.
The elephant trunk-slaps the fungus.
As you read the scroll of fear, it crumbles to dust.
You assume a fearsome visage.
The polar bear looks frightened!
The elephant looks frightened!
The elephant resists with some effort.
The elephant looks frightened! x2; The elephant tramples the fungus.
The elephant trunk-slaps the fungus.
The elephant tramples the fungus!
The elephant trunk-slaps the fungus.
Cornered, the elephant turns to fight!
Evoke which item? (* to show all) (? for menu, Esc to quit)
Okay, then.
As you read the scroll of teleportation, it crumbles to dust.
You feel strangely unstable. The elephant completely misses you.
The elephant trunk-slaps you but does no damage.
Cornered, the polar bear turns to fight!
Cornered, the elephant turns to fight!
The elephant tramples you.
* * * LOW HITPOINT WARNING * * *
You stumble backwards!
Cornered, the elephant turns to fight!
You take 1 damage, and have 4/72 hp.
Your surroundings suddenly seem different.
A cane toad comes into view.
The cane toad gives a loud, deep croak!
A black mamba comes into view.
The black mamba hisses angrily.
The black mamba moves out of view.
Evoke which item? (* to show all) (? for menu, Esc to quit)
Aiming: Polymorph
Press: ? - help, Shift-Dir - straight line, f - cane toad
Aim: a cane toad (will become a queen bee, a harpy, or a swamp dragon, chance to affect: 60%)
Okay, then.
Unknown command.
Unknown command.
Unknown command.
Unknown command.
You don't have enough magic at the moment.
You slash the cane toad!
The cane toad is moderately wounded.
The cane toad stings you but does no damage.
You block the cane toad's attack.
You hit the cane toad but do no damage.
The cane toad is moderately wounded.
The cane toad closely misses you.
You hit the cane toad.
You feel better.
The cane toad is moderately wounded.
You closely miss the black mamba. The black mamba bites you.
* * * LOW HITPOINT WARNING * * *
The cane toad stings you but does no damage.
You block the black mamba's attack.
You closely miss the cane toad.
The cane toad is moderately wounded.
You closely miss the black mamba.
The black mamba bites you but does no damage.
The cane toad stings you.
* * * LOW HITPOINT WARNING * * *
You take 1 damage, and have 5/72 hp.
You barely miss the cane toad.
The cane toad is moderately wounded.
You hit the black mamba.
The black mamba bites you but does no damage.
The cane toad stings you but does no damage.
You block the black mamba's attack. The cane toad stings you!
You die...

.#.#. ..... ...# . #.#.#
#..## .# # ....#
##....#.# #
##...######....... #
#.............#.# #
#...##.##......#
#####....#.##....F##.♣.#
...†...#....#..S@.......
...
######............#♣.♣..
.>. # ##.#.###.....#
.... # ##....# #.....#
..... ###
#...#.###...... .♣...#
#.####.....#.##.....
......
.................#..
......
.##..#..)..#..#.##..#
../.♣ ##...##.#.#####
#...


You could see a black mamba and a cane toad.

Vanquished Creatures
  3 death yaks (D:9)
  A two-headed ogre (D:8)
  Joseph (D:10)
  Psyche (D:10)
  A cane toad (Lair:1)
  A hornet (D:9)
  Grinder (D:5)
  5 blink frogs (Lair:1)
  A vampire (D:9)
  2 shadows (D:10)
  A wyvern (D:8)
  5 yaks (Lair:1)
  A basilisk (Lair:1)
  4 wraiths (D:10)
  Eustachio (D:4)
  3 water moccasins
  Duvessa (D:5)
  A hornet zombie (D:8)
  2 ice beasts
  5 orc warriors
  3 phantoms
  2 sky beasts
  A necrophage (D:8)
  5 ogres
  6 centaurs
  2 wolves (Lair:1)
  5 bullfrogs
  A gnoll sergeant (D:6)
  Dowan (D:5)
  3 scorpions
  8 killer bees
  11 wights
  2 howler monkeys
  An electric eel (Lair:1)
  2 bullfrog zombies
  An orc priest (D:3)
  A centaur skeleton (D:4)
  3 hounds
  4 orc wizards
  2 iguanas
  6 worker ants
  2 hell rats (D:9)
  A killer bee zombie (D:8)
  8 ogre zombies (D:10)
  A hound skeleton (D:8)
  3 worker ant zombies
  7 gnolls
  13 adders
  A shadow imp (D:8)
  4 white imps
  2 ufetubi
  2 oozes
  4 adder skeletons
  3 worms
  10 leopard geckos
  40 orcs
  3 ball pythons
  6 giant cockroaches
  7 goblins
  10 hobgoblins
  16 jackals
  5 quokkas
  12 bats
  2 frilled lizards
  3 goblin skeletons (D:10)
  A goblin zombie (D:10)
  3 hobgoblin skeletons (D:10)
  2 hobgoblin zombies (D:10)
  8 kobolds
  A leopard gecko skeleton (D:7)
  A leopard gecko zombie (D:8)
  4 orc skeletons (D:10)
  12 orc zombies (D:10)
  6 rats
314 creatures vanquished.

Vanquished Creatures (collateral kills)
  Josephine (D:10)
1 creature vanquished.

Vanquished Creatures (others)
  An orc warrior (D:9)
  A wight (D:8)
  An orc (D:9)
  3 fungi (Lair:1)
  15 plants (Lair:1)
  2 withered plants (D:3)
23 creatures vanquished.

Grand Total: 338 creatures vanquished

Notes
Turn   | Place    | Note
-------+----------+-------------------------------------------
     0 | D:1      | SkeletonJelly the Gargoyle Monk began the quest for the
                  | Orb.
     0 | D:1      | Reached XP level 1. HP: 14/14 MP: 1/1
   309 | D:1      | Reached XP level 2. HP: 19/19 MP: 2/2
  1020 | D:1      | Reached XP level 3. HP: 24/24 MP: 3/3
  1329 | D:2      | Found a blossoming altar of Fedhas.
  1359 | D:2      | Reached XP level 4. HP: 29/29 MP: 4/4
  1402 | D:2      | Reached skill level 1 in Armour
  1729 | D:3      | Noticed a centaur
  1730 | D:3      | Noticed a bullfrog
  1730 | D:3      | a centaur changed into a bullfrog
  1740 | D:3      | Killed a bullfrog
  1741 | D:3      | Reached XP level 5. HP: 25/34 MP: 5/5
  2026 | D:3      | Found an ancient bone altar of Kikubaaqudgha.
  2117 | D:3      | Found an iron altar of Okawaru.
  2117 | D:3      | Found a shadowy altar of Dithmenos.
  2126 | D:3      | Became a worshipper of Warmaster Okawaru
  2126 | D:3      | Reached * piety under Okawaru
  2126 | D:3      | Reached ** piety under Okawaru
  2466 | D:3      | Reached XP level 6. HP: 40/40 MP: 6/6
  2613 | D:3      | Reached skill level 5 in Fighting
  2645 | D:4      | Noticed Eustachio
  2697 | D:4      | Noticed Sigmund
  2700 | D:4      | Noticed Sigmund
  2700 | D:4      | Sigmund changed into Sigmund the kobold
  2712 | D:4      | Killed Sigmund the kobold
  2769 | D:4      | Reached skill level 1 in Invocations
  2778 | D:4      | Found a glowing drain.
  2791 | Sewer    | Entered a sewer
  2860 | Sewer    | Noticed a water moccasin
  2881 | Sewer    | Killed a water moccasin
  3129 | D:4      | Found a snail-covered altar of Cheibriados.
  3162 | D:4      | Found a staircase to the Ecumenical Temple.
  3226 | D:4      | Killed Eustachio
  3227 | D:4      | Reached skill level 5 in Maces & Flails
  3227 | D:4      | Reached skill level 1 in Shields
  3227 | D:4      | Reached XP level 7. HP: 30/44 MP: 6/8
  3467 | D:4      | Got a translucent leather armour
  3503 | D:4      | Found a shimmering altar of Xom.
  3533 | D:4      | Found an opulent altar of Gozag.
  3534 | D:4      | Found a glowing silver altar of Zin.
  3749 | D:5      | Entered Level 5 of the Dungeon
  3935 | D:4      | HP: 2/45 [ufetubus (3)]
  4503 | D:5      | Reached XP level 8. HP: 46/51 MP: 10/10
  4887 | D:5      | Noticed Dowan
  4887 | D:5      | Noticed Duvessa
  4931 | D:5      | Killed Duvessa
  4939 | D:5      | Killed Dowan
  5217 | D:5      | Noticed Grinder
  5241 | D:5      | Killed Grinder
  5241 | D:5      | Reached *** piety under Okawaru
  5241 | D:5      | HP: 1/52 [ogre/+0 giant club (28)]
  5595 | D:5      | Found a glowing golden altar of the Shining One.
  6249 | D:6      | Reached XP level 9. HP: 44/57 MP: 12/12
  6496 | D:6      | Found a glowing silver altar of Zin.
  7002 | D:6      | Identified the +3 leather armour of the Sacrificial Victim
                  | {+Fly rCorr Str+3 Dex-5} (You found it on level 4 of the
                  | Dungeon)
  7162 | D:6      | Found a sparkling altar of Nemelex Xobeh.
  7272 | D:6      | Identified the +4 shortbow of Suciwaext {venom, rF+ rN+
                  | Int+2} (You found it on level 6 of the Dungeon)
  7445 | D:7      | Reached skill level 5 in Armour
  8166 | D:8      | Reached skill level 5 in Invocations
  8175 | D:8      | Reached **** piety under Okawaru
  8176 | D:8      | Reached skill level 1 in Evocations
  8729 | D:8      | Found Suluy's Distillery.
  8761 | D:8      | Bought a potion of curing for 45 gold pieces
  8766 | D:8      | Got a flickering iron amulet
  8767 | D:8      | Identified the amulet of Yjuwn {Faith rElec Will+ Str-3
                  | Int+4} (You found it on level 8 of the Dungeon)
  8848 | D:8      | Reached XP level 10. HP: 64/65 MP: 14/14
  8962 | D:8      | Noticed a two-headed ogre
  8981 | D:8      | Killed a two-headed ogre
  9404 | D:9      | Reached ***** piety under Okawaru
 10188 | D:9      | Noticed a death yak
 10614 | D:9      | Found a staircase to the Lair.
 10632 | D:9      | Noticed a death yak
 10674 | D:9      | Noticed a death yak
 10695 | D:9      | Killed a death yak
 10696 | D:9      | Reached XP level 11. HP: 50/72 MP: 9/16
 10702 | D:9      | Killed a death yak
 10710 | D:9      | Killed a death yak
 10970 | D:10     | Entered Level 10 of the Dungeon
 11188 | D:10     | Noticed Josephine
 11197 | D:10     | Reached skill level 1 in Axes
 11212 | D:10     | Killed Josephine
 11212 | D:10     | Received a gift from Okawaru
 11453 | D:10     | Found a staircase to the Orcish Mines.
 11704 | D:10     | Noticed Joseph
 11704 | D:10     | Noticed Psyche
 11713 | D:10     | Killed Joseph
 11740 | D:10     | Killed Psyche
 12146 | Lair:1   | Entered Level 1 of the Lair of Beasts
 12156 | Lair:1   | Reached skill level 5 in Axes
 12740 | Lair:1   | Mangled by a cane toad

Illustrated notes

Levels and vault maps discovered:
D:1:      dpeg_arrival_orchard, layout_basic
D:2:      layout_rooms, fedhas_altar_2
D:3:      layout_loops_ring, kiku_gazebo_garden_becter,
          gammafunk_temple_overflow_statue
D:4:      layout_cave_pools, grunt_temple_overflow_gold_and_silver,
          xom_butterflies, overflow_temple_1_default,
          minmay_temple_entry_junction_2, gup_sewer_entry_bubbles, uniq_sigmund,
          uniq_eustachio
D:5:      layout_basic, kennysheep_mini_moat, uniq_duvessa, uniq_grinder
D:6:      layout_loops_ring, basic_altar, nemelex_dance_club_becter
D:7:      layout_basic, patterned_corridor
D:8:      layout_basic, serial_shops, shop
D:9:      layout_long_grid, dpeg_lair_monsters
D:10:     layout_layer_cave, zombieorc2_lemuel, uniq_joseph, uniq_psyche,
          uniq_josephine
Lair:1:   layout_loops_ring, grunt_megastairs_3, serial_bayou_shore_a

Skill      XL: |  1  2  3  4  5  6  7  8  9 10 11 |
---------------+----------------------------------+-----
Fighting       | 4 5 6 7 8 9 |  9.9
Armour         | 1 2 3 4 5 7 |  7.7
Maces & Flails | 4 5 6 7 8 9 |  9.1
Dodging        | 3 |  3.0
Invocations    | 2 4 5 7 |  7.5
Shields        | 1 3 4 |  4.0
Evocations     | 2 4 |  4.5
Axes           | 7 |  7.4
Stealth        | |  2.1

Action                   |  1- 3 |  4- 6 |  7- 9 | 10-12 || total
-------------------------+-------+-------+-------+-------++-------
Melee: Mace              |   107 |   236 |   284 |       ||   627
       Flail             |       |       |   216 |   350 ||   566
       War axe           |       |       |       |   243 ||   243
Throw: Dart              |    30 |    18 |    62 |     9 ||   119
Invok: Heroism           |       |     3 |     3 |     5 ||    11
       Finesse           |       |       |       |     3 ||     3
Evoke: Wand              |       |     2 |    19 |    15 ||    36
  Use: Scroll            |       |     5 |     3 |     4 ||    12
       Potion            |       |       |     4 |     2 ||     6
Armor: Robe              |     9 |       |       |       ||     9
       Chain mail        |   102 |     5 |       |       ||   107
       Scale mail        |       |   153 |   222 |   329 ||   704
Dodge: Dodged            |    71 |   205 |   280 |   318 ||   874
Block: Buckler           |       |    18 |   120 |   169 ||   307

Table legend: (Time is in decaauts)
 A = Elapsed time spent in this place.
 B = Non-inter-level travel time spent in this place.
 C = Inter-level travel time spent in this place.
 D = Time resting spent in this place.
 E = Time spent auto-exploring this place.
 F = Levels seen in this place.
 G = Mean time per level.
                   A        B        C        D        E       F      G
               +--------+--------+--------+--------+--------+-----+--------+
         Total |  12841 |  12155 |    686 |    753 |   8621 |  12 | 1070.1 |
       Dungeon |  11941 |  11256 |    685 |    753 |   8021 |  10 | 1194.1 |
          Lair |    606 |    606 |      0 |      0 |    399 |   1 |  606.0 |
         Sewer |    293 |    293 |      0 |      0 |    201 |   1 |  293.0 |
               +--------+--------+--------+--------+--------+-----+--------+

Top non-repeatable levels by time:
     D:5: 2094 daAuts
     D:9: 1565 daAuts
     D:6: 1199 daAuts
    D:10: 1146 daAuts
     D:4: 1134 daAuts
     D:1: 1123 daAuts
     D:8: 1099 daAuts
     D:7: 986 daAuts
     D:3: 967 daAuts
     D:2: 623 daAuts
  Lair:1: 606 daAuts
   Sewer: 293 daAuts
